 Dungeon Crawl Stone Soup version 0.16.1-18-g436b03c (webtiles) character file.

102 Leviathan2552 the Covered (level 4, 0/40 HPs)
             Began as a Minotaur Fighter on May 6, 2015.
             Was an Initiate of Makhleb.
             Slain by Grinder (6 damage)
             ... on level 3 of the Dungeon on May 7, 2015.
             The game lasted 00:10:01 (1586 turns).

Leviathan2552 the Covered (Minotaur Fighter)        Turns: 1586, Time: 00:10:01

Health: 0/40       AC:  9    Str: 21    XL:     4   Next: 50%
Magic:  0/2        EV:  6    Int:  5    God:    Makhleb [......]
Gold:   119        SH:  9    Dex: 10    Spells: 0 memorised, 3 levels left

rFire  . . .     SeeInvis .     a - +0 flail
rCold  . . .     Clarity  .     m - +0 chain mail
rNeg   . . .     SustAb   .     c - +0 shield
rPois  .         Gourm    .     (helmet restricted)
rElec  .         Spirit   +     (no cloak)
rCorr  .         Warding  .     (no gloves)
rMut   .         Stasis   .     (no boots)
MR     .....                    g - amulet of guardian spirit
Stlth  ..........               (no ring)
                                (no ring)

@: slowed, very slow, not resistant to hostile enchantments, extremely
unstealthy
A: retaliatory headbutt, horns 2
a: Renounce Religion


You were on level 3 of the Dungeon.
You worshipped Makhleb.
Makhleb was noncommittal.
You were hungry.

You visited 1 branch of the dungeon, and saw 3 of its levels.

You collected 119 gold pieces.

Inventory:

Hand weapons
 a - a +0 flail (weapon)
Armour
 c - a +0 shield (worn)
 m - a +0 chain mail (worn)
Jewellery
 g - an amulet of guardian spirit (around neck)
Scrolls
 b - a scroll of amnesia {unknown}
 f - a scroll of remove curse
 h - a scroll of blinking
 i - 3 scrolls of identify
 k - a scroll of fear
 o - a scroll of magic mapping {unknown}
Potions
 e - a potion of might
 j - a potion of invisibility
 n - a potion of agility {unknown}
Comestibles
 d - 2 bread rations


   Skills:
 + Level 4.1 Fighting
 + Level 3.3 Maces & Flails
 + Level 4.4 Armour
 + Level 2.0 Dodging
 + Level 4.3 Shields


You had 3 spell levels left.
You didn't know any spells.

Dungeon Overview and Level Annotations

Branches:
Dungeon (3/15)

Altars:
Kikubaaqudgha
Makhleb

Annotations:
D:3 Grinder


Innate Abilities, Weirdness & Mutations

You reflexively headbutt those who attack you in melee.
You have a pair of horns on your head.


Message History

You feel as though you will be slow longer.
Something tries to affect you, but you resist.
You can move again.
Something hits you.
You see here a glowing spear.
Pain shoots through your body!
* * * LOW HITPOINT WARNING * * *
You hear a zap.
Something tries to affect you, but you resist.
You suddenly lose the ability to move!
Your magical contamination has completely faded away.
You can move again.
You hear a zap.
You feel as though you will be slow longer.
You see here a glowing spear.
Your chain mail prevents you from hitting something.
Pain shoots through your body!
* * * LOW HITPOINT WARNING * * *
Something hits you.
You die...

#.# #.# # #.# #.
#.###### #.#
#.#....#
..##.#^##.#
#.#.#.##.#
#..#.##.# #####
#..@.##.# .....
#..####.# #.#.#####
#.#.# #.# #.#.##...
..##.#
#.####.#.##.#. #.#
#.####.............
#.
#...........#######
# #############


There were no monsters in sight!

Vanquished Creatures
  Ijyb (D:2)
  3 adders
  2 giant geckos
  An ooze (D:1)
  A ball python (D:2)
  6 giant cockroaches
  8 goblins
  8 hobgoblins
  6 kobolds
  A quokka (D:2)
  5 bats
  4 giant newts
  5 rats
51 creatures vanquished.

Notes
Turn   | Place    | Note
--------------------------------------------------------------
     0 | D:1      | Leviathan2552, the Minotaur Fighter, began the quest for the Orb.
     0 | D:1      | Reached XP level 1. HP: 19/19 MP: 1/1
   172 | D:1      | Reached XP level 2. HP: 27/27 MP: 1/1
   532 | D:1      | Reached skill level 1 in Dodging
   544 | D:2      | Noticed Ijyb
   556 | D:2      | Killed Ijyb
   556 | D:2      | Reached skill level 4 in Armour
   556 | D:2      | Reached XP level 3. HP: 25/33 MP: 2/2
   935 | D:2      | Reached XP level 4. HP: 40/40 MP: 2/2
   979 | D:2      | Found a burning altar of Makhleb.
   979 | D:2      | Noticed a cacodemon
   982 | D:2      | Noticed a smoke demon
   982 | D:2      | Noticed a neqoxec
   986 | D:2      | Became a worshipper of Makhleb the Destroyer
  1462 | D:3      | Found an ancient bone altar of Kikubaaqudgha.
  1557 | D:3      | Noticed Grinder
  1568 | D:3      | Paralysed by something for 5 turns
  1577 | D:3      | Paralysed by something for 7 turns
  1586 | D:3      | Slain by Grinder

Action                   |  1- 3 |  4- 6 || total
-------------------------+-------+-------++-------
Melee: Flail             |    91 |    47 ||   138
  Use: Scroll            |       |     5 ||     5
       Potion            |       |     4 ||     4
  Eat: Chunk             |       |     2 ||     2
